 Dungeon Crawl Stone Soup version 0.18.1-48-g4cf74bf (webtiles) character file.

161 pancakeRgood the Sneak (level 5, -5/45 HPs)
             Began as a Draconian Assassin on Sept 1, 2016.
             Killed by divine providence
             ... invoked by an orc priest
              (10 damage)
             ... on level 4 of the Dungeon.
             The game lasted 00:08:18 (2073 turns).

pancakeRgood the Sneak (Draconian Assassin)         Turns: 2073, Time: 00:08:19

Health: -5/45      AC:  6    Str: 13    XL:     5   Next: 18%
Magic:  5/5        EV: 13    Int: 11    God:
Gold:   152        SH:  0    Dex: 14    Spells: 0 memorised, 4 levels left

rFire  . . .     SeeInvis .     a - +1 dagger (venom)
rCold  . . .     Gourm    .     (armour unavailable)
rNeg   . . .     Faith    .     (no shield)
rPois  .         Spirit   .     (helmet restricted)
rElec  .         Dismiss  .     c - +0 cloak
rCorr  .         Reflect  .     (no gloves)
SustAt .         Harm     .     (no boots)
MR     .....                    (no amulet)
Stlth  ++........               (no ring)
                                (no ring)

@: not resistant to hostile enchantments, unstealthy
A: unfitting armour, cold-blooded, AC +5
a: no special abilities


You were on level 4 of the Dungeon.
You were not hungry.

You visited 1 branch of the dungeon, and saw 4 of its levels.

You collected 152 gold pieces.

Inventory:

Hand Weapons
 a - a +1 dagger of venom (weapon)
 b - a +0 blowgun
 k - a +2 dagger
 z - a +4 dagger of venom
Missiles
 d - 24 poisoned needles
 e - 2 curare-tipped needles
 i - 35 bolts
 l - 170 stones (quivered)
Armour
 c - a +0 cloak (worn)
 r - a cursed +0 scale mail
Jewellery
 y - an uncursed amulet of dismissal
 A - an uncursed amulet of faith
Scrolls
 j - 2 scrolls of amnesia {unknown}
 n - a scroll of noise {unknown}
 s - 2 scrolls of enchant weapon {unknown}
 t - 2 scrolls of identify
Potions
 g - 2 potions of brilliance {unknown}
 m - a potion of curing {unknown}
 p - a potion of agility {unknown}
 q - 2 potions of berserk rage {unknown}
 u - 2 potions of lignification {unknown}
 v - a potion of heal wounds {unknown}
Comestibles
 f - 2 bread rations
 h - a beef jerky
 o - a slice of pizza
 w - 2 meat rations
 x - 2 fruits
 B - 3 chunks of flesh


   Skills:
 + Level 3.1 Fighting
 + Level 2.3 Short Blades
 + Level 2.1 Throwing
 + Level 2.6 Dodging
 + Level 4.8 Stealth


You had 4 spell levels left.
You didn't know any spells.

Dungeon Overview and Level Annotations

Branches:
Dungeon (4/15)
 Temple: D:4-7

Altars:


Innate Abilities, Weirdness & Mutations

Your plain brown scales are hard (AC +5).
Your body does not fit into most forms of armour.
You are cold-blooded and may be slowed by cold attacks.


Message History

You hit the orc priest but do no damage.
The orc priest looks even sicker.
You tail-slap the orc priest, but do no damage.
The orc priest is moderately wounded.
The orc priest hits you with a trident!
* * * LOW HITPOINT WARNING * * *
You hit the orc priest but do no damage.
The orc priest looks even sicker.
The orc priest is moderately wounded.
The orc priest barely misses you.
You hit the orc priest but do no damage.
The orc priest is severely wounded.
The orc priest hits you with a trident!
* * * LOW HITPOINT WARNING * * *
You hit the orc priest but do no damage.
You tail-slap the orc priest, but do no damage.
The orc priest is almost dead.
The orc priest mumbles some strange prayers to Beogh against you.
Beogh smites you!
You die...

##..<.........
#...........#
#...........#
#...........#
#..........##
#..........#
##.........#
##.)......#
#@)#.....##
#.o###...##
#..## #####
#..# #..# #..#
#.# ##


You could see an orc priest.

Vanquished Creatures
  2 orc wizards (D:3)
  3 adders
  3 worms
  2 dart slugs (D:2)
  2 giant geckos (D:1)
  7 orcs
  7 bats
  A giant cockroach (D:2)
  8 goblins
  5 hobgoblins
  2 jackals (D:3)
  4 kobolds
  3 quokkas
  A ball python (D:3)
  5 giant newts
  3 rats
58 creatures vanquished.

Notes
Turn   | Place    | Note
--------------------------------------------------------------
     0 | D:1      | pancakeRgood the Draconian Assassin began the quest for the Orb.
     0 | D:1      | Reached XP level 1. HP: 17/17 MP: 1/1
   101 | D:1      | Reached skill level 1 in Dodging
   169 | D:1      | Reached skill level 4 in Stealth
   169 | D:1      | Reached XP level 2. HP: 20/24 MP: 2/2
   748 | D:2      | Reached XP level 3. HP: 28/30 MP: 3/3
  1311 | D:3      | Reached XP level 4. HP: 37/37 MP: 4/4
  1705 | D:3      | Reached XP level 5. HP: 33/44 MP: 5/5
  2073 | D:4      | Killed from afar by an orc priest

Skill      XL: |  1  2  3  4  5 |
---------------+----------------+-----
Dodging        | 1 2 |  2.6
Stealth        | 4 |  4.8
Throwing       | 2 |  2.1
Fighting       | 3 |  3.1
Short Blades   | |  2.3

Action                   |  1- 3 |  4- 6 || total
-------------------------+-------+-------++-------
Melee: Dagger            |   112 |    74 ||   186
       Tailslap          |    12 |    15 ||    27
 Fire: Blowgun           |     9 |       ||     9
  Use: Scroll            |       |     2 ||     2
 Stab: Sleeping          |     5 |     1 ||     6
  Eat: Chunk             |     1 |     3 ||     4
Armor: Skin              |    48 |    15 ||    63
Dodge: Dodged            |    78 |    39 ||   117
